 Dungeon Sprint DCSS version 0.28.0-53-g5a82cb258f (webtiles) character file.

Game seed: 9855886109183301349

34386 Revguard the Impaler (level 14, -9/119 (121) HPs)
             Began as a Human Fighter on Aug 2, 2022.
             Was the Champion of Okawaru.
             Killed from afar by an ancient champion (32 damage)
             ... with an iron shot
             ... in the Dungeon (Sprint V: "Ziggurat Sprint").
             The game lasted 00:19:18 (2196 turns).

Revguard the Impaler (Human Fighter)                Turns: 2196, Time: 00:19:19

HP:   -9/119 (121)  AC: 40    Str: 28    XL:     14   Next: 13%
MP:   19/25         EV: 17    Int: 12    God:    Okawaru [******]
Gold: 579           SH: 39    Dex: 18    Spells: 13/13 levels left

rFire   + . .      SeeInvis .   F - +15 lance "Wyrmbane" {slay drac, rPois rF+ rC+ AC+3}
rCold   + . .      Faith    .   E - +18 shield of the Gong {rElec rN+ Will+ EV-5}
rNeg    + . .      Spirit   .   D - +15 Maxwell's patent armour {-Cast -Tele rElec Will+ rCorr}
rPois   +          Reflect  +   R - +2 helmet {Int+3}
rElec   +          Harm     .   (no cloak)
rCorr   +          Rampage  .   (no gloves)
Will    +++..      NoTele   +   (no boots)
Stlth   .......... NoCast   +   n - amulet of reflection
HPRegen 0.29/turn               U - ring "Diygreg" {Contam rCorr EV+4 Str+4 Slay+4}
MPRegen 0.19/turn               I - ring "Luolimy" {Wiz rElec Str+5 Dex+3 Stlth-}

@: heroic, finesse-ful, studying Polearms, lightly drained
A: no striking features
a: Renounce Religion, Heroism, Finesse


You were in the Dungeon.
You worshipped Okawaru.
Okawaru was exalted by your worship.
You visited 1 branch You collected 579 gold pieces.

Inventory:

Hand Weapons
 F - the +15 lance "Wyrmbane" (weapon) {slay drac, rPois rF+ rC+ AC+3}
   (You found it in the Dungeon)

   It inflicts extra damage against dragons and draconians.
   AC:        It affects your AC (+3).
   rF:        It protects you from fire.
   rC:        It protects you from cold.
   rPois:     It protects you from poison.
 J - the +7 demon trident "Coyr Toh" {vamp, rF+ rN+ Int+4}
   (You found it in the Dungeon)

   It occasionally heals its wielder for a portion of the damage dealt when it
   wounds a living foe.
   Int:       It affects your intelligence (+4).
   rF:        It protects you from fire.
   rN:        It protects you from negative energy.
Armour
 D - the +15 Maxwell's patent armour (worn) {-Cast -Tele rElec Will+ rCorr}
   (You found it in the Dungeon)

   rElec:     It insulates you from electricity.
   -Cast:     It prevents spellcasting.
   -Tele:     It prevents most forms of teleportation.
   rCorr:     It protects you from acid and corrosion.
   Will:      It increases your willpower.
 E - the +18 shield of the Gong (worn) {rElec rN+ Will+ EV-5}
   (You found it in the Dungeon)

   It is deafeningly noisy when blocking attacks.
   EV:        It affects your evasion (-5).
   rElec:     It insulates you from electricity.
   rN:        It protects you from negative energy.
   Will:      It increases your willpower.
 R - a +2 helmet of intelligence (worn)
Jewellery
 a - a ring of willpower
 n - an amulet of reflection (around neck)
 t - a ring of flight
 u - a +6 ring of dexterity
 v - a ring of willpower
 w - the amulet "Ehoskuer" {Faith Will+}
   (You found it in the Dungeon)

   [amulet of faith]

   It allows you to gain divine favour quickly.
   Will:      It increases your willpower.
 x - a ring of willpower
 I - the ring "Luolimy" (right hand) {Wiz rElec Str+5 Dex+3 Stlth-}
   (You found it in the Dungeon)

   [ring of wizardry]

   It improves your spell success rate.
   Str:       It affects your strength (+5).
   Dex:       It affects your dexterity (+3).
   rElec:     It insulates you from electricity.
   Stlth:     It makes you less stealthy.
 M - an amulet of guardian spirit
 N - a +4 ring of protection
 P - a ring of willpower
 Q - a ring of poison resistance
 T - a ring of willpower
 U - the ring "Diygreg" (left hand) {Contam rCorr EV+4 Str+4 Slay+4}
   (You found it in the Dungeon)

   [ring of evasion]

   EV:        It affects your evasion (+4).
   Str:       It affects your strength (+4).
   Slay:      It affects your accuracy & damage with ranged weapons and melee
   (+4).
   Contam:    It causes magical contamination when unequipped.
   rCorr:     It protects you from acid and corrosion.
Wands
 A - a wand of mindburst (7)
 B - a wand of iceblast (7)
 C - a wand of acid (3)
 L - a wand of polymorph (14)
Scrolls
 b - 8 scrolls of enchant weapon
 j - 4 scrolls of blinking
 o - 4 scrolls of amnesia
 p - 7 scrolls of fog
 q - 2 scrolls of holy word
 r - 5 scrolls of identify
 s - 2 scrolls of fear
 G - 4 scrolls of brand weapon
Potions
 d - 5 potions of might
 e - 10 potions of curing
 f - 7 potions of heal wounds
 g - 10 potions of haste
 h - 7 potions of magic
 i - 4 potions of berserk rage
 k - 2 potions of brilliance
 l - 2 potions of invisibility
 m - 3 potions of resistance
Miscellaneous
 c - a condenser vane (inert)
 H - a tin of tremorstones (1/2)


   Skills:
 + Level 14.5(19.5) Fighting
 + Level 15.9(20.9) Polearms
 + Level 14.4(19.4) Armour
 + Level 14.2(19.2) Dodging
 + Level 14.7(19.7) Shields
 + Level 15.4 Invocations
 + Level 14.2 Evocations


You had 13 spell levels left.
You didn't know any spells.
Your spell library contained the following spells:

 Spells                   Type           Power      Damage    Failure   Level
 Foxfire                  Conj/Fire      0%         2x1d4     61%         1
 Freeze                   Ice            0%         1d3       61%         1
 Slow                     Hex            0%         N/A       61%         1
 Sting                    Tmut/Pois      0%         1d3       61%         1
 Blink                    Tloc           0%         N/A       75%         2
 Ensorcelled Hibernation  Hex/Ice        0%         N/A       75%         2
 Scorch                   Fire           0%         2d5       75%         2
 Confusing Touch          Hex            0%         N/A       92%         3
 Conjure Flame            Conj/Fire      0%         6-21      92%         3
 Dazzling Flash           Conj/Hex       0%         N/A       92%         3
 Frozen Ramparts          Ice            0%         1d2       92%         3
 Gell's Gravitas          Tloc           0%         N/A       92%         3
 Inner Flame              Hex/Fire       0%         N/A       92%         3
 Lesser Beckoning         Tloc           0%         N/A       92%         3
 Ozocubu's Armour         Ice            0%         N/A       92%         3
 Portal Projectile        Hex/Tloc       0%         N/A       92%         3
 Spider Form              Tmut/Pois      0%         N/A       92%         3
 Teleport Other           Tloc           0%         N/A       92%         3
 Vampiric Draining        Necr           0%         2d6       92%         3
 Anguish                  Hex/Necr       0%         N/A       100%        4
 Flame Wave               Conj/Fire      0%         2d4       100%        4
 Hailstorm                Conj/Ice       0%         3d3       100%        4
 Petrify                  Tmut/Erth      0%         N/A       100%        4
 Agony                    Necr           0%         N/A       100%        5
 Alistair's Intoxication  Tmut/Pois      0%         N/A       100%        5
 Blade Hands              Tmut           0%         N/A       100%        5
 Excruciating Wounds      Necr           0%         N/A       100%        5
 Freezing Cloud           Conj/Ice/Air   0%         6-21      100%        5
 Manifold Assault         Tloc           0%         N/A       100%        5
 Metabolic Englaciation   Hex/Ice        0%         N/A       100%        5
 Silence                  Hex/Air        0%         N/A       100%        5
 Eringya's Noxious Bog    Tmut/Pois      0%         N/A       100%        6
 Statue Form              Tmut/Erth      0%         N/A       100%        6
 Storm Form               Tmut/Air       0%         N/A       100%        7
 Ignition                 Fire           0%         3d3       100%        8
 Shatter                  Erth           0%         3d5*      100%        9
 Summon Small Mammal      Summ           Unusable   N/A       N/A         1
 Summon Forest            Summ/Tloc      Unusable   N/A       N/A         5
 Simulacrum               Ice/Necr       Unusable   N/A       N/A         6
 Summon Cactus Giant      Summ           Unusable   N/A       N/A         6
 Summon Hydra             Summ           Unusable   N/A       N/A         7

Dungeon Overview and Level Annotations

Branches:
Dungeon (1/1)

Altars:
Ashenzari
Cheibriados
Dithmenos
Elyvilon
Fedhas
Gozag
Hepliaklqana
Kikubaaqudgha
Makhleb
Nemelex Xobeh
Okawaru
Qazlal
Ru
Sif Muna
Trog
Uskayaw
Vehumet
Wu Jian
Xom
Yredelemnul
Zin
The Shining One
Beogh
Jiyva
Lugonu


Message History

* * * LOW HITPOINT WARNING * * *
You are splashed with acid.
You resist.
* * * LOW HITPOINT WARNING * * *
You block the war gargoyle's attack.
GONNNNG!
The ancient champion gestures wildly while chanting.
The ancient champion seems to speed up.
The ancient champion closely misses you.
You feel much better.
The caustic shrike is engulfed in poison gas.
The caustic shrike looks as sick as possible!
The caustic shrike claws you but does no damage.
You block the war gargoyle's attack.
SHROANNG!
You block the ancient champion's attack.
GONNNNG!
The ancient champion hits you with a +3 great sword of draining!
* * * LOW HITPOINT WARNING * * *
You partially resist.
You feel drained.
You block the ancient champion's attack.
GONNNNG!
The war gargoyle hits you with a +0 dire flail!
* * * LOW HITPOINT WARNING * * *
You block the iron dragon's attack.
BOUMMMMG!
The iron dragon closely misses you. The iron dragon tramples you.
* * * LOW HITPOINT WARNING * * *
You hold your ground!
The caustic shrike is engulfed in poison gas.
The caustic shrike looks as sick as possible!
The caustic shrike claws you but does no damage.
The ancient champion closely misses you.
You block the war gargoyle's attack.
SHROANNG!
The ancient champion hits you but does no damage.
You block the ancient champion's attack.
BOUMMMMG!
The ancient champion points at you and mumbles some strange words.
The iron shot hits you!!
You die...

▓.......)}
▓..))|[)|=:"..▓.........
▓..:}§§§§[[|..▓.........
▓....§§§§§....▓.........
▓..§§§§§9§....▓.........
▓..§§§9§2§§...▓..▓.....▓
▓..§§zzzC§§...▓.▓.▓...▓.
▓...§z9bz§§...▓..▓)....▓
▓.§9@zE.▓ ▓.....©... ▓
▓▓.§Dz.▓▓ ▓▓▓▓▓▓▓▓▓▓
▓..▓..§§§..▓..▓....8©8..
▓.............▓..}}|)).|
▓......©......▓....}))|.
▓▓▓▓▓▓▓▓▓▓▓▓▓▓▓.........
▓......... ▓.........
▓.....)...


You could see 2 iron golems, an iron giant, an iron dragon, a caustic shrike
(extremely poisoned), a quicksilver elemental, 7 ancient champions, 2 war
gargoyles and a tormentor.

Vanquished Creatures
  An acid blob (D)
  A shadow dragon (D)
  An azure jelly (D)
  A daeva (D)
  2 rockslimes (D)
  Louise (D)
  A very ugly thing (D)
  A ghoul (D)
  An angel (D)
  A green draconian (D)
  A black draconian (D)
  An apis (D)
  A yellow draconian (D)
  4 white draconians (D)
  2 red draconians (D)
  A purple draconian (D)
  Josephine (D)
  Harold (D)
  Erica (D)
  3 soul eaters (D)
  A spriggan druid (D)
  A cherub (D)
  A glowing orange brain (D)
  A sea snake (shapeshifter) (D)
  A lindwurm (shapeshifter) (D)
  2 wolf spiders (D)
  A faun (shapeshifter) (D)
  Pikel (D)
  4 ugly things (D)
  4 shining eyes (D)
  A black mamba (shapeshifter) (D)
  A komodo dragon (D)
  2 hellions (D)
  3 merfolk (D)
  A troll (shapeshifter) (D)
  2 wind drakes (D)
  2 slime creatures (D)
  2 jumping spiders (D)
  A spriggan (shapeshifter) (D)
  A jumping spider (shapeshifter) (D)
  A spriggan (D)
  2 yaks (D)
  2 golden eyes (D)
  Grum (D)
  3 water moccasins (D)
  A hell hound (D)
  A small abomination (D)
  Pargi (D)
  2 black bears (D)
  3 necrophages (D)
  2 wolves (D)
  3 centaurs (D)
  4 phantoms (D)
  3 scorpions (D)
  2 wights (D)
  A crimson imp (D)
  2 jellies (D)
  An iron imp (D)
  A quasit (D)
  Terence (D)
  A river rat (D)
  An ufetubus (D)
  3 adder skeletons (D)
  An adder zombie (D)
  A spectral bat (D)
  2 ball pythons (D)
  2 bat skeletons (D)
  An endoplasm (D)
  2 jackals (D)
  3 ball python skeletons (D)
  2 ball python zombies (D)
  A jackal zombie (D)
  A quokka skeleton (D)
  2 spectral quokkas (D)
120 creatures vanquished.

Vanquished Creatures (others)
  A draconian knight (D)
1 creature vanquished.

Grand Total: 121 creatures vanquished

Notes
Turn   | Place    | Note
-------+----------+-------------------------------------------
     0 | D        | Revguard the Human Fighter began the quest for the Orb.
     0 | D        | Reached XP level 1. HP: 18/18 MP: 1/1
     0 | D        | Found a shimmering blue altar of Sif Muna.
     0 | D        | Found a bloodstained altar of Trog.
     0 | D        | Found a sacrificial altar of Ru.
     0 | D        | Found a stormy altar of Qazlal.
     0 | D        | Found an iron altar of Okawaru.
     1 | D        | Found a sparkling altar of Nemelex Xobeh.
     1 | D        | Found a blossoming altar of Fedhas.
     1 | D        | Found the +6 Majin-Bo {vamp, MP+6 Int+6}
     1 | D        | Found the +9 heavy crossbow "Sniper" {vorpal, Acc+∞ SInv}
     1 | D        | Found the +10 dark maul {vorpal}
     1 | D        | Found the +15 Maxwell's patent armour {-Cast -Tele rElec
                  | Will+ rCorr}
     1 | D        | Found the +18 shield of the Gong {rElec rN+ Will+ EV-5}
     1 | D        | Found the +14 obsidian axe {vorpal, Mesm Drain Fly SInv}
     1 | D        | Found the +7 great mace "Firestarter" {inner flame, rF++}
     1 | D        | Found the +6 shillelagh "Devastator" {shatter}
     1 | D        | Found the +11 plutonium sword {Contam Stlth-}
     1 | D        | Found the +8 lance "Wyrmbane" {slay drac, rPois rF+ rC+
                  | AC+3}
     1 | D        | Found the +9 sword of Zonguldrok {reap}
     1 | D        | Found the +13 scythe of Curses {drain, Drain}
     1 | D        | Found the +5 sword of Power {vorpal}
     1 | D        | Found the +7 mace of Variability {chain chaos}
     1 | D        | Found the +7 Singing Sword {vorpal, sonic wave}
     1 | D        | Found the +8 storm bow {elec, penet}
     3 | D        | Found a transporter.
     3 | D        | Found an ancient bone altar of Kikubaaqudgha.
     3 | D        | Found a viscous altar of Jiyva.
     3 | D        | Found a corrupted altar of Lugonu.
     3 | D        | Found a hazy altar of Hepliaklqana.
     3 | D        | Found a burning altar of Makhleb.
     3 | D        | Found an opulent altar of Gozag.
    97 | D        | Became a worshipper of Warmaster Okawaru
   110 | D        | Reached XP level 2. HP: 25/25 MP: 1/3
   135 | D        | Entered arena 2.
   135 | D        | Noticed a necrophage
   135 | D        | Noticed a phantom
   135 | D        | Found a transporter.
   144 | D        | Killed a necrophage
   144 | D        | Reached * piety under Okawaru
   145 | D        | Reached skill level 5 in Shields
   145 | D        | Reached XP level 3. HP: 27/31 MP: 3/5
   145 | D        | Reached XP level 4. HP: 34/38 MP: 3/6
   152 | D        | Killed a phantom
   153 | D        | Reached skill level 5 in Fighting
   153 | D        | Reached skill level 5 in Polearms
   153 | D        | Reached skill level 5 in Armour
   153 | D        | Reached XP level 5. HP: 40/44 MP: 3/8
   192 | D        | Entered arena 3.
   192 | D        | Noticed a hell hound
   192 | D        | Found a transporter.
   211 | D        | Killed a hell hound
   211 | D        | Reached ** piety under Okawaru
   212 | D        | Reached skill level 5 in Invocations
   212 | D        | Reached XP level 6. HP: 45/52 MP: 9/9
   267 | D        | Entered arena 4.
   267 | D        | Found a transporter.
   276 | D        | Reached skill level 5 in Evocations
   284 | D        | Reached skill level 5 in Dodging
   284 | D        | Reached XP level 7. HP: 58/58 MP: 9/11
   295 | D        | Got the Catalogue of Creative Cold
   412 | D        | Entered arena 5.
   412 | D        | Noticed a small abomination
   412 | D        | Found a transporter.
   426 | D        | Killed a small abomination
   426 | D        | Reached *** piety under Okawaru
   427 | D        | Reached XP level 8. HP: 58/65 MP: 11/13
   461 | D        | Entered arena 6.
   461 | D        | Found a transporter.
   495 | D        | Entered arena 7.
   495 | D        | Noticed a yak
   495 | D        | Noticed a komodo dragon
   495 | D        | Noticed a yak
   496 | D        | Found a transporter.
   508 | D        | Killed a yak
   521 | D        | Killed a komodo dragon
   521 | D        | Reached **** piety under Okawaru
   522 | D        | Reached XP level 9. HP: 65/74 MP: 14/14
   542 | D        | Entered arena 8.
   542 | D        | Noticed a spriggan druid
   543 | D        | Found a transporter.
   547 | D        | Reached ***** piety under Okawaru
   547 | D        | Killed a spriggan druid
   574 | D        | Entered arena 9.
   574 | D        | Noticed a wolf spider
   574 | D        | Noticed a wolf spider
   580 | D        | Reached XP level 10. HP: 82/82 MP: 16/16
   586 | D        | Killed a wolf spider
   594 | D        | Killed a wolf spider
   601 | D        | Identified the +5 ring mail of Okawaru's Benevolence
                  | {Regen+} (Okawaru gifted it to you in the Dungeon)
   601 | D        | Received a gift from Okawaru
   602 | D        | Found a transporter.
   616 | D        | Got the Reference Book on the Dusty Entourage
   621 | D        | Got the ring "Luolimy" {Wiz rElec Str+5 Dex+3 Stlth-}
   689 | D        | Entered arena 10.
   690 | D        | Found a transporter.
   696 | D        | Reached skill level 10 in Shields
   696 | D        | Reached skill level 10 in Invocations
   697 | D        | Reached skill level 10 in Polearms
   697 | D        | Reached skill level 10 in Armour
   815 | D        | Got the +7 demon trident "Coyr Toh" {vamp, rF+ rN+ Int+4}
   821 | D        | Entered arena 11.
   822 | D        | Found a transporter.
   825 | D        | Reached skill level 10 in Fighting
   825 | D        | Reached XP level 11. HP: 90/90 MP: 18/18
   837 | D        | Got the Compendium of Snow and Shape Shifting
   844 | D        | Entered arena 12.
   844 | D        | Noticed Louise
   844 | D        | Noticed Harold
   844 | D        | Noticed Erica
   844 | D        | Noticed Pikel
   844 | D        | Noticed Grum
   844 | D        | Noticed Pargi
   845 | D        | Noticed Josephine
   845 | D        | Noticed Terence
   846 | D        | Found a transporter.
   850 | D        | Killed Pargi
   850 | D        | Killed Terence
   850 | D        | Killed Grum
   850 | D        | Killed Pikel
   851 | D        | Killed Erica
   851 | D        | Reached ****** piety under Okawaru
   851 | D        | Killed Josephine
   851 | D        | Killed Harold
   851 | D        | Killed Louise
   852 | D        | Reached skill level 10 in Dodging
   852 | D        | Reached skill level 10 in Evocations
   905 | D        | Entered arena 13.
   905 | D        | Noticed a red draconian
   905 | D        | Noticed a yellow draconian
   905 | D        | Noticed a white draconian
   905 | D        | Noticed a red draconian
   905 | D        | Noticed a purple draconian
   905 | D        | Noticed a white draconian
   905 | D        | Noticed a black draconian knight
   905 | D        | Noticed a green draconian
   905 | D        | Noticed a white draconian
   906 | D        | Noticed a black draconian
   906 | D        | Identified the ring "Eduosol" {Wiz rC+}
   906 | D        | Noticed a white draconian
   913 | D        | Killed a red draconian
   913 | D        | Identified the +5 longbow of the Scorpion {vorpal, Fragile
                  | Fly MP+9 SInv} (Okawaru gifted it to you in the Dungeon)
   913 | D        | Received a gift from Okawaru
   915 | D        | Killed a red draconian
   920 | D        | Killed a green draconian
   921 | D        | Reached XP level 12. HP: 45/100 MP: 12/21
   930 | D        | Killed a black draconian
   930 | D        | Identified the +3 ring mail of Puocen {Dex+4} (Okawaru
                  | gifted it to you in the Dungeon)
   930 | D        | Received a gift from Okawaru
   932 | D        | Killed a black draconian knight
   933 | D        | Killed a yellow draconian
   934 | D        | Killed a white draconian
   936 | D        | Killed a white draconian
   943 | D        | Killed a white draconian
   944 | D        | Found a transporter.
   947 | D        | Killed a purple draconian
   953 | D        | Killed a white draconian
  1346 | D        | Got the Papyrus of the Blaze and Transformation
  1351 | D        | Entered arena 14.
  1352 | D        | Noticed a cherub
  1352 | D        | Noticed a daeva
  1352 | D        | Noticed an angel
  1353 | D        | Noticed an apis
  1354 | D        | Found a transporter.
  1365 | D        | Killed an angel
  1371 | D        | Killed a cherub
  1376 | D        | Killed an apis
  1384 | D        | Killed a daeva
  1385 | D        | Reached XP level 13. HP: 44/109 MP: 16/23
  1622 | D        | Entered arena 15.
  1623 | D        | Noticed an acid blob
  1623 | D        | Noticed an azure jelly
  1623 | D        | Noticed a rockslime
  1623 | D        | Found the +8 demon blade "Leech" {vamp, Harm Drain rN+}
  1624 | D        | Noticed a rockslime
  1624 | D        | Found the +7 pair of quick blades "Gyre" and "Gimble"
                  | {protect}
  1625 | D        | Found a transporter.
  1628 | D        | Killed an acid blob
  1628 | D        | Killed an azure jelly
  1640 | D        | Killed a rockslime
  1659 | D        | Killed a rockslime
  1659 | D        | Received a gift from Okawaru
  1689 | D        | Acquired 579 gold pieces
  1700 | D        | Entered arena 16.
  1701 | D        | Noticed a ghoul
  1702 | D        | Noticed a shadow dragon
  1709 | D        | Killed a ghoul
  1755 | D        | Killed a shadow dragon
  1796 | D        | Found a transporter.
  1805 | D        | Got the ring "Diygreg" {Contam rCorr EV+4 Str+4 Slay+4}
  2035 | D        | Entered arena 17.
  2038 | D        | Noticed a green very ugly thing
  2040 | D        | Found a transporter.
  2045 | D        | Reached skill level 15 in Polearms
  2045 | D        | Identified the +0 tower shield "Cirut" {Will+ Str-4 Int+3}
                  | (Okawaru gifted it to you in the Dungeon)
  2045 | D        | Received a gift from Okawaru
  2046 | D        | Reached skill level 15 in Invocations
  2046 | D        | Reached XP level 14. HP: 121/121 MP: 25/25
  2046 | D        | Killed a green very ugly thing
  2174 | D        | Got the amulet "Ehoskuer" {Faith Will+}
  2186 | D        | Entered arena 18.
  2189 | D        | Noticed an ancient champion
  2189 | D        | Noticed an iron golem
  2189 | D        | Noticed an ancient champion
  2189 | D        | Noticed a war gargoyle
  2189 | D        | Noticed an ancient champion
  2189 | D        | Noticed an iron giant
  2189 | D        | Noticed an ancient champion
  2189 | D        | Noticed a caustic shrike
  2189 | D        | Noticed an ancient champion
  2189 | D        | Noticed an ancient champion
  2190 | D        | Noticed a war gargoyle
  2190 | D        | Identified the +8 demon trident "Rats" {vamp, rC- rN++
                  | Will+ rCorr}
  2190 | D        | Noticed an ancient champion
  2190 | D        | Noticed an iron dragon
  2190 | D        | Noticed an iron golem
  2190 | D        | Noticed a quicksilver elemental
  2196 | D        | Killed from afar by an ancient champion

Illustrated notes

Levels and vault maps discovered:
D:        sprint_v [room_start, room_1, room_2, room_3, room_4, room_5, room_6,
          room_7, room_8, room_9, room_10, room_11, room_12, room_13, room_14,
          room_15, room_16, room_17, room_18, room_19, room_20, room_21,
          room_22, room_23, room_24, room_25, room_26, room_27]

Skill      XL: |  1  2  3  4  5  6  7  8  9 10 11 12 13 |
---------------+----------------------------------------+-----
Polearms       | 3 4 5 6 7 8 10 11 12 15 | 15.9
Dodging        | 2 3 4 5 6 7 8 9 11 12 14 | 14.2
Shields        | 4 5 6 7 8 9 10 11 13 14 | 14.7
Invocations    | 2 3 4 5 6 7 9 10 12 13 15 | 15.4
Evocations     | 2 3 4 5 6 7 8 9 11 12 14 | 14.2
Fighting       | 4 5 6 7 8 10 11 12 14 | 14.5
Armour         | 4 5 6 7 8 10 11 12 14 | 14.4

Action                   |  1- 3 |  4- 6 |  7- 9 | 10-12 | 13-15 || total
-------------------------+-------+-------+-------+-------+-------++-------
Melee: Lance             |     9 |    48 |    81 |    94 |    72 ||   304
Invok: Heroism           |       |     1 |       |     2 |     2 ||     5
       Finesse           |       |       |       |     2 |     2 ||     4
Evoke: Condenser vane    |       |       |     1 |     4 |     5 ||    10
       Tin of tremorston |       |       |       |     5 |     7 ||    12
       Wand              |       |       |       |     2 |     2 ||     4
  Use: Potion            |     1 |       |       |     3 |     6 ||    10
       Scroll            |       |       |       |       |     1 ||     1
Armor: Plate armour      |     2 |    17 |    34 |    37 |    20 ||   110
Dodge: Dodged            |       |     4 |     6 |    16 |    23 ||    49
Block: Kite shield       |    14 |    68 |   127 |   142 |    87 ||   438
       Reflection        |       |       |       |    14 |     2 ||    16
